Map: Eternal Empire LE

Players

TSGTYTY (TY)

  • Race: Terran Terran
  • League: Grandmaster
  • Spawn Location: 1:00

Zest - Winner!

  • Race: Protoss Protoss
  • League: Master
  • Spawn Location: 7:00

VOD

Have the link to the VOD?

Description

Time

  • Played on: Jan. 7, 2020, 11 p.m.
  • Length: 12:50
Show
View Real Time Build Order
Export as new Build Order

TSGTYTY Terran 

Build Orders: Reaper Expand 

Get SALT Encoding   

  12  0:00  SCV  
  13  0:12  SCV  
  14  0:17  Supply Depot  
  14  0:25  SCV  
  15  0:39  SCV  
  15  0:40  Barracks  
  16  0:44  Refinery  
  16  0:51  SCV  
  17  1:03  SCV  
  18  1:15  SCV  
  19  1:27  Reaper  
  19  1:28  Orbital Command  
  20  1:42  Command Center  
  20  1:54  SCV  
  20  1:59  Marine  
  20  2:00  Supply Depot  
  22  2:07  Factory  
  22  2:10  SCV  
  23  2:17  Refinery  
  23  2:22  SCV, Barracks Reactor  
  24  2:34  SCV  
  25  2:46  SCV  
  26  2:54  Starport, Orbital Command  
  28  2:58  Marine  
  28  2:59  SCV  
  30  3:06  Factory Tech Lab  
  30  3:09  Marine  
  30  3:11  SCV  
  30  3:16  Marine  
  31  3:21  SCV  
  31  3:23  SCV, Barracks  
  33  3:28  Marine  
  33  3:33  SCV  
  35  3:34  Marine  
  35  3:35  SCV  
  35  3:36  Raven  
  35  3:38  Supply Depot  
  39  3:42  Refinery  
  39  3:45  SCV, Factory Tech Lab  
  39  3:46  Marine  
  39  3:48  SCV  
  42  3:52  Marine  
  42  3:54  Supply Depot  
  43  3:57  SCV  
  44  4:03  Supply Depot  
  44  4:04  Marine  
  44  4:07  SCV  
  44  4:08  Siege Tank  
  49  4:12  SCV  
  49  4:13  Marine  
  51  4:17  Supply Depot  
  51  4:20  SCV  
  51  4:22  Stimpack  
  51  4:23  Marine x2  
  54  4:26  SCV  
  55  4:32  SCV  
  55  4:34  Starport Reactor  
  55  4:35  Barracks  
  55  4:38  SCV, Marine  
  57  4:44  Engineering Bay  
  58  4:45  SCV  
  58  4:48  Marine  
  58  4:50  Marauder  
  58  4:51  Factory Reactor  
  58  4:52  SCV  
  62  4:57  SCV  
  62  4:58  Marine  
  64  5:00  Supply Depot  
  64  5:04  SCV  
  65  5:09  SCV  
  65  5:11  Terran Infantry Weapons Level 1, Marauder  
  65  5:14  Medivac  
  70  5:15  Refinery  
  70  5:16  SCV, Medivac  
  70  5:19  Marine  
  70  5:20  Marine  
  75  5:22  SCV  
  76  5:29  Supply Depot, Widow Mine x2  
  76  5:31  Marine  
  76  5:32  Marine  
  76  5:33  Combat Shield  
  82  5:40  Marine x2  
  83  5:44  SCV  
  83  5:49  Medivac  
  86  5:51  Medivac  
  86  5:52  Missile Turret  
  86  5:53  Marine x2  
  94  5:57  Widow Mine x2  
  94  6:00  Supply Depot  
  94  6:01  Supply Depot  
  94  6:13  Concussive Shells  
  94  6:17  Marine  
  94  6:18  Marine  
  94  6:22  SCV x2, Marauder x2  
  99  6:30  Medivac  
  99  6:31  Medivac  
  102  6:35  Marine, Widow Mine x2  
  102  6:36  Marine  
  108  6:46  Marauder  
  110  6:50  Marauder, Command Center  
  110  7:00  Supply Depot  
  110  7:01  Supply Depot  
  110  7:07  Marauder  
  110  7:22  Marine x2, SCV, Viking x2, Marauder  
  115  7:27  SCV  
  115  7:28  Terran Infantry Armor Level 1  
  118  7:34  SCV  
  118  7:36  Marauder  
  121  7:39  SCV  
  112  7:46  SCV  
  112  7:52  Viking x2  
  112  7:53  Barracks  
  112  7:54  Barracks  
  112  7:57  SCV  
  117  7:58  SCV  
  117  8:02  Marine x2  
  120  8:09  Orbital Command  
  120  8:10  SCV x2  
  126  8:17  Armory  
  126  8:18  Engineering Bay  
  126  8:21  Marine x2  
  126  8:22  SCV x2  
  126  8:23  Viking  
  126  8:24  Viking  
  130  8:34  SCV  
  130  8:35  SCV  
  130  8:36  SCV  
  130  8:40  Barracks Tech Lab  
  130  8:41  Barracks Reactor  
  133  8:43  Supply Depot  
  133  8:44  Supply Depot  
  133  8:45  Marine x2  
  133  8:46  SCV  
  133  8:47  SCV  
  137  8:48  SCV  
  137  8:54  Refinery x2  
  138  8:56  Starport  
  138  8:57  Viking  
  138  8:58  Ghost Academy  
  140  9:03  Missile Turret  
  140  9:04  Missile Turret  
  140  9:07  Marine x3, Missile Turret  
  143  9:10  Terran Infantry Weapons Level 2  
  143  9:11  Terran Ship Weapons Level 1  
  143  9:13  SCV x3  
  146  9:20  Marine x2, Marauder x2  
  148  9:25  Marine  
  148  9:26  Marauder  
  147  9:33  Viking  
  147  9:34  Viking  
  147  9:35  SCV x2  
  147  9:38  Marine x2  
  152  9:41  Marauder  
  152  9:42  Marauder  
  141  9:47  SCV  
  141  9:48  SCV  
  129  9:56  Terran Infantry Armor Level 2  
  130  10:01  Viking  
  136  10:14  Marine, Missile Turret  
  136  10:15  Marine x2  
  136  10:20  Viking  
  141  10:25  SCV  
  141  10:27  Viking, Refinery  
  146  10:33  Unknown x2  
  90  10:35  Viking  
  143  10:39  Marine x2, Marauder x2  
  143  10:41  Marine x2  
  143  10:42  Unknown  
  153  10:44  Marine, Viking  
  153  10:49  SCV  
  157  10:50  Supply Depot  
  157  10:55  SCV  
  157  10:56  Marine  
  150  11:02  SCV x2  
  147  11:07  SCV  
  147  11:09  Marine x3  
  147  11:10  Marauder x2  
  139  11:13  Marine  
  139  11:14  Marine, SCV  
  139  11:15  SCV  
  139  11:18  Viking  
  144  11:20  SCV  
  142  11:28  Marine x2  
  142  11:29  Marine  
  108  11:35  Marine x4  
  108  11:36  SCV x2  
  83  11:47  Marine x2  
  83  11:51  Marine  
  83  11:53  Marine, Marauder  
  79  12:03  Marauder x2  
  82  12:09  Marine x2  
  82  12:10  Marine  
  82  12:15  Marauder  
  83  12:16  Marine  
Show
View Real Time Build Order
Export as new Build Order

Zest Protoss - Winner!

Build Orders: 1 Gate Expand, Blink Stalkers, Colossus Rush 

Get SALT Encoding   

  12  0:00  Probe  
  13  0:12  Probe  
  14  0:17  Pylon  
  14  0:25  Probe (Chrono Boost)  
  15  0:36  Gateway  
  15  0:37  Probe (Chrono Boost)  
  16  0:43  Probe (Chrono Boost)  
  16  0:45  Assimilator  
  17  0:51  Probe  
  18  1:03  Probe  
  19  1:15  Probe  
  20  1:22  Nexus  
  20  1:33  Cybernetics Core  
  20  1:34  Probe  
  21  1:40  Assimilator  
  21  1:47  Probe  
  22  1:49  Pylon  
  22  1:59  Probe  
  23  2:06  Adept (Chrono Boost)  
  23  2:11  Twilight Council  
  23  2:12  Warp Gate  
  25  2:15  Probe  
  26  2:28  Probe  
  26  2:29  Stalker  
  29  2:37  Probe (Chrono Boost)  
  29  2:43  Probe (Chrono Boost)  
  31  2:44  Blink (Chrono Boost)  
  31  2:49  Probe (Chrono Boost)  
  32  2:56  Probe x2 (Chrono Boost)  
  34  3:01  Stalker  
  34  3:04  Probe x2  
  38  3:16  Probe (Chrono Boost)  
  38  3:18  Gateway  
  40  3:20  Probe (Chrono Boost)  
  40  3:22  Robotics Facility  
  41  3:27  Probe (Chrono Boost)  
  41  3:31  Probe (Chrono Boost)  
  41  3:32  Probe (Chrono Boost), Pylon  
  43  3:40  Probe  
  44  3:42  Probe  
  45  3:52  Probe  
  45  3:54  Nexus  
  46  3:58  Probe  
  46  4:01  Sentry  
  49  4:05  Probe, Assimilator  
  49  4:08  Pylon  
  50  4:10  Probe  
  50  4:12  Pylon  
  50  4:14  Phoenix, Observer (Chrono Boost)  
  53  4:17  Probe  
  53  4:22  Probe  
  53  4:24  Assimilator  
  54  4:27  Observer (Chrono Boost)  
  55  4:33  Probe  
  55  4:34  Stalker x2  
  55  4:35  Probe  
  61  4:45  Probe  
  62  4:46  Pylon  
  62  4:47  Robotics Bay  
  62  4:48  Probe, Pylon  
  63  4:57  Immortal  
  68  5:00  Probe x2  
  69  5:16  Probe x2  
  69  5:17  Probe  
  69  5:19  Stalker x2  
  76  5:23  Shield Battery  
  76  5:28  Probe x2, Forge  
  78  5:31  Pylon  
  78  5:32  Probe  
  78  5:33  Gateway  
  78  5:35  Gateway  
  79  5:37  Colossus (Chrono Boost)  
  85  5:47  Extended Thermal Lance  
  85  5:48  Probe x3  
  88  5:56  Forge  
  88  6:01  Gateway x2  
  88  6:21  Colossus (Chrono Boost)  
  90  6:28  Probe, Protoss Ground Weapons Level 1 (Chrono Boost), Protoss Ground Armor Level 1 (Chrono Boost)  
  90  6:29  Stalker x3  
  90  6:31  Probe x2  
  96  6:40  Probe  
  96  6:46  Probe x2  
  99  6:50  Sentry  
  101  6:54  Photon Cannon  
  101  6:56  Zealot x3  
  101  6:59  Pylon  
  107  7:01  Assimilator  
  107  7:05  Assimilator  
  107  7:11  Probe x2  
  107  7:12  Pylon  
  107  7:13  Probe  
  109  7:16  Pylon  
  109  7:25  Probe x2  
  109  7:26  Warp Prism  
  109  7:29  Probe  
  114  7:31  Charge  
  114  7:34  Stalker x2  
  114  7:35  Stalker x2  
  121  7:37  Probe  
  118  7:54  Gateway  
  118  7:55  Gateway  
  118  7:57  Gateway x3  
  118  7:59  Gravitic Drive  
  118  8:00  Gateway  
  118  8:01  Warp Prism  
  118  8:03  Stalker  
  118  8:04  Stalker x3  
  128  8:08  Pylon  
  128  8:09  Pylon  
  128  8:13  Protoss Ground Armor Level 2 (Chrono Boost), Nexus  
  128  8:14  Pylon  
  128  8:23  Protoss Ground Weapons Level 2 (Chrono Boost)  
  128  8:27  Pylon  
  128  8:28  Zealot x3  
  134  8:42  Pylon  
  134  8:44  Stalker x2  
  138  8:53  Pylon  
  138  8:58  Zealot  
  138  8:59  Zealot x7  
  154  9:11  Gravitic Boosters  
  154  9:21  Zealot x2  
  154  9:22  Zealot x6  
  118  9:53  Warp Prism (Chrono Boost), Zealot x11  
  142  10:09  Gateway  
  142  10:21  Warp Prism (Chrono Boost)  
  142  10:22  Zealot x11  
  166  10:42  Zealot x2  
  168  10:43  Zealot x4  
  178  10:56  Zealot x2  
  178  10:57  Zealot x3  
  170  11:15  Zealot x6  
  170  11:17  Zealot x2  
  170  11:18  Zealot x3  
  144  11:36  Zealot x6  
  118  11:46  Zealot  
  118  11:47  Zealot x4  
  94  12:01  Zealot  
  94  12:02  Zealot x4  
  102  12:15  Zealot x6  
  104  12:35  Zealot x11  
Tags
 
Add a new tag
Caveats
  • Supply blocks, unpowered buildings, or Contaminate may cause inaccurate times.
  • Supply counts are checked every 10 seconds.